 Dungeon Crawl Stone Soup version 0.30-a0-1074-g5db6f66fbb (webtiles) character file.

Game seed: 15769596436583978951

8785 kae the Severer (level 11, -11/92 HPs)
             Began as a Hill Orc Fighter on Apr 13, 2023.
             Was a Believer of Qazlal.
             Mangled by an ice devil (16 damage)
             ... in an ice cave.
             The game lasted 00:09:20 (10489 turns).

kae the Severer (Hill Orc Fighter)                 Turns: 10489, Time: 00:09:21

Health: -11/92     AC: 16    Str: 23    XL:     11   Next: 36%
Magic:  21/21      EV:  9    Int:  7    God:    Qazlal [**....]
Gold:   355        SH:  7    Dex: 11    Spells: 10/10 levels left

rFire   . . .      SeeInvis .    a - +0 war axe (flame)
rCold   . . .      Faith    .    c - +0 buckler
rNeg    + . .      Spirit   .    b - +0 scale mail
rPois   +          Reflect  .    o - +2 hat
rElec   .          Rampage  .    A - +2 ratskin cloak {*Rats rPois rN+ Str-1 Int-1 Dex+1}
rCorr   +                        k - +1 Delatra's gloves {ID++}
Will    .....                    m - +1 pair of boots Stlth
                                 (no amulet)
HPRegen 0.35/turn                R - ring of resist corrosion
MPRegen 0.17/turn                (no ring)

@: no status effects
A: no striking features
a: Renounce Religion, Upheaval


You were in an ice cave.
You worshipped Qazlal.
Qazlal was pleased with you.
You visited 3 branches of the dungeon, and saw 12 of its levels.
You also visited: Ossuary and Ice Cave.

You collected 744 gold pieces.
You spent 389 gold pieces at shops.


   Skills:
 * Level 7.6 Fighting
 - Level 16.0 Axes
 - Level 3.2 Armour
 - Level 3.2 Shields
 - Level 14.0 Invocations


You had 10 spell levels left.
You didn't know any spells.
Your spell library contained the following spells:

 Spells                   Type           Power      Damage    Failure   Level
 Necrotise                Necr           0%         1d4       83%         1
 Sandblast                Erth           0%         2d4       83%         1
 Call Imp                 Summ           0%         N/A       93%         2
 Passwall                 Tmut/Erth      0%         N/A       93%         2
 Gell's Gravitas          Tloc           0%         N/A       99%         3
 Stone Arrow              Conj/Erth      0%         3d7       99%         3
 Summon Guardian Golem    Hex/Summ       0%         N/A       99%         3
 Teleport Other           Tloc           0%         N/A       99%         3
 Vampiric Draining        Necr           0%         2d6       99%         3
 Animate Armour           Summ/Erth      0%         N/A       100%        4
 Agony                    Necr           0%         N/A       100%        5
 Dispersal                Tloc           0%         N/A       100%        6
 Lehudib's Crystal Spear  Conj/Erth      0%         10d2      100%        8

Inventory:

Hand Weapons
 a - a +0 war axe of flaming (weapon)
Missiles
 f - 67 stones (quivered)
 i - 5 atropa-tipped darts
 l - 11 poisoned darts
 n - 3 silver boomerangs
 p - 10 boomerangs
Armour
 b - a +0 scale mail (worn)
 c - a +0 buckler (worn)
 k - the +1 Delatra's gloves (worn) {ID++}
   (You found it on level 3 of the Dungeon)

   ID++:      It heals its wearer when they drink unknown potions, and restores
   their MP when they read unknown scrolls.
 m - a +1 pair of boots (worn)
   (You found it on level 2 of the Dungeon)
 o - a +2 hat (worn)
   (You found it on level 3 of the Dungeon)
 A - the +2 ratskin cloak (worn) {*Rats rPois rN+ Str-1 Int-1 Dex+1}
   (You bought it in a shop on level 9 of the Dungeon)

   *Rats:     When the wearer is hurt, rats may emerge from it to assist them.
   Str:       It affects your strength (-1).
   Int:       It affects your intelligence (-1).
   Dex:       It affects your dexterity (+1).
   rPois:     It protects you from poison.
   rN:        It protects you from negative energy.
Magical Staves
 H - a staff of earth {!a}
   (You took it off an orc on level 8 of the Dungeon)
Jewellery
 R - a ring of resist corrosion (left hand)
   (You found it on level 7 of the Dungeon)
Wands
 z - a wand of paralysis (12)
   (You found it on level 6 of the Dungeon)
 C - a wand of flame (27)
   (You found it on level 7 of the Dungeon)
 G - a wand of iceblast (5)
   (You found it on level 8 of the Dungeon)
Scrolls
 r - 3 scrolls of fog
 t - a scroll of immolation {!r!r}
 u - 2 scrolls of amnesia
 y - 2 scrolls of blinking {!r}
 B - 4 scrolls of teleportation {@r4}
 D - 2 scrolls of silence {!r}
 F - 2 scrolls of fear
 K - a scroll of magic mapping {!r}
Potions
 d - 4 potions of might
 e - 8 potions of curing {@q1}
 g - 4 potions of attraction {unknown}
 h - 2 potions of berserk rage {!q}
 j - 2 potions of magic {unknown}
 q - a potion of resistance
 s - 3 potions of degeneration {unknown}
 v - 2 potions of mutation {!q}
 w - a potion of lignification {!q}
 x - 3 potions of haste {@q3}
 E - a potion of brilliance
 I - 2 potions of heal wounds {@q2}

Dungeon Overview and Level Annotations

Branches:
Dungeon (10/15) Zot: 25390  Temple (1/1) D:6 Zot: 5923    Lair (1/5) D:9 Zot: 5975
    Orc (0/2) D:9         Ossuary (visited)           IceCv (1/1) Zot: 5983

Altars:
Ashenzari
Cheibriados
Dithmenos
Elyvilon
Fedhas
Gozag
Hepliaklqana
Kikubaaqudgha
Makhleb
Nemelex Xobeh
Okawaru
Qazlal
Ru
Sif Muna
Trog
Uskayaw
Vehumet
Wu Jian
Xom
Yredelemnul
Zin
The Shining One

Shops:
D:2 (   D:6 ((([ D:9

([ #### ##..###### .
##....##.โ—‹##....
#......ยง@4......
#..โˆฉโˆฉ...r4......
#.......##......
##....### ##....
##..## ... #### .. .


You could see 2 ice devils and a friendly river rat.


Message History

No target in view!
No target in view!
Key pressed, stopping explore.
No target in view!
No target in view! ๐Ÿ˜Ž HP[+2]
Your hp is fully restored (92).
Found a frozen archway.
You now have 355 gold pieces (gained 19).
There are no items here.
There is a frozen archway here.
Okay, then.
Okay, then.
Okay, then.
The world spins around you as you enter the gateway.
You enter an ice cave!
The white imp shouts! x2
Found an ice covered gate leading back out of this place.
There is an ice choked empty arch of ancient stone here.
There are monsters nearby!
You completely miss the white imp. You closely miss the white imp.
The white imp hits you. The white imp freezes you. ๐Ÿ˜• HP[-4]
You take 4 damage, and now have 88/92 hp.
You completely miss the white imp. You closely miss the white imp.
The white imp shouts, "Away with thee, thou craven motley-minded jarkman!"
The white imp gestures at you. The puff of frost hits you.
The white imp gestures at you.
The puff of frost hits you but does no damage.
You hit the white imp. You burn the white imp. You barely miss the white imp.
An ice devil comes into view. x2
The white imp gestures at you. The puff of frost hits you!
The white imp gestures at you.
The puff of frost hits you but does no damage.
There are monsters nearby!
You hit the white imp but do no damage. You slash the white imp!
You burn the white imp!
You kill the white imp!
Qazlal accepts your kill.
An elephant simulacrum comes into view.
You slice the white imp!! You burn the white imp.
You kill the white imp!
Qazlal accepts your kill.
There are monsters nearby!
There are monsters nearby!
You block the ice devil's attack. The ice devil closely misses you.
You barely miss the ice devil. You hit the ice devil. You burn the ice devil.
The ice devil completely misses you.
You block the ice devil's attack. ๐Ÿ˜• HP[-6]
You take 6 damage, and now have 82/92 hp.
You hit the ice devil but do no damage. You hit the elephant simulacrum.
You melt the elephant simulacrum.
You barely miss the ice devil. The ice devil closely misses you.
You block the ice devil's attack.
You hit the ice devil but do no damage.
You hit the elephant simulacrum but do no damage.
You hit the ice devil. You burn the ice devil.
You block the elephant simulacrum's attack.
The elephant simulacrum trunk-slaps you but does no damage.
You hit the ice devil. You burn the ice devil.
You slash the elephant simulacrum!
You melt the elephant simulacrum.
You hit the ice devil but do no damage.
The ice devil hits you but does no damage.
The ice devil barely misses you.
You hit the elephant simulacrum.
You melt the elephant simulacrum.
You barely miss the ice devil. You hit the ice devil but do no damage.
The elephant simulacrum closely misses you.
You block the elephant simulacrum's attack.
The ice devil barely misses you. The ice devil hits you!
The ice devil freezes you! ๐Ÿ˜ฎ HP[-22]
You take 22 damage, and now have 60/92 hp.
MASSIVE DAMAGE!! (PAUSE)
You hit the ice devil. You burn the ice devil. You hit the ice devil.
You burn the ice devil.
You hit the elephant simulacrum but do no damage.
You block the ice devil's attack. The ice devil hits you.
The ice devil freezes you!!
* * * LOW HITPOINT WARNING * * *
You block the elephant simulacrum's attack. x2 ๐Ÿ˜จ HP[-24]
You take 24 damage, and now have 36/92 hp.
MASSIVE DAMAGE!! (PAUSE)
You hit the ice devil but do no damage. You slash the elephant simulacrum!
You melt the elephant simulacrum.
Qazlal accepts your kill.
You barely miss the ice devil.
Unknown command.
You barely miss the ice devil. You hit the ice devil but do no damage.
The ice devil hits you!
* * * LOW HITPOINT WARNING * * *
A river rat scurries out from under your cloak.
The ice devil freezes you!!
* * * LOW HITPOINT WARNING * * *
The ice devil hits you.
* * * LOW HITPOINT WARNING * * *
The ice devil freezes you!
You die...

Skill      XL: |  1  2  3  4  5  6  7  8  9 10 11 |
---------------+----------------------------------+-----
Axes           | 3 4 5 6 8 9 11 14 16 | 16.0
Invocations    | 7 13 14 | 14.0
Fighting       | 7 |  7.6
Armour         | |  3.2
Shields        | |  3.2

Action                     |  1- 3 |  4- 6 |  7- 9 | 10-12 || total
---------------------------+-------+-------+-------+-------++-------
  Melee: War axe           |    96 |   114 |   286 |   258 ||   754
 Invoke: Upheaval          |       |       |       |     2 ||     2
  Evoke: Wand              |       |       |     1 |       ||     1
    Use: Scroll            |     3 |     4 |     7 |     7 ||    21
         Potion            |       |       |     2 |       ||     2
   Stab: Paralysed         |       |       |     4 |       ||     4
 Armour: Scale mail        |    40 |    45 |   141 |    78 ||   304
  Dodge: Dodged            |    52 |    58 |   114 |    87 ||   311
  Block: Buckler           |    23 |    16 |    52 |    63 ||   154

Levels and vault maps discovered:
D:1:      dpeg_arrival_solitude, layout_basic
D:2:      layout_basic, serial_shops, shop
D:3:      layout_basic, mainiacjoe_overflow_boulevard,
          gammafunk_temple_overflow_elements, minmay_misc_feat_nine_boxes,
          interstate_on_off, wad_floor_pattern_untrapped, minmay_puff,
          uniq_sigmund, uniq_robin, uniq_natasha
D:4:      layout_cave_pools, mainiacjoe_overflow_catwalk,
          gammafunk_temple_overflow_wave, bh_walls_and_bars
D:5:      layout_basic, kennysheep_mini_moat
D:6:      nicolae_BIG_FREAKIN_CUBE, layout_loops_ring, enter_ossuary_4,
          minmay_shop_grid_forest
D:7:      layout_cave_pools, mainiacjoe_overflow_brackets,
          mainiacjoe_overflow_24_doors, minivault_5, chequers_decorated_corner,
          uniq_crazy_yiuf_cottage, uniq_maggie
D:8:      layout_rooms, nicolae_overflow_crystal_walls,
          nemelex_spade_bored_becter, minmay_misc_feat_encased
D:9:      layout_long_grid, bloody_trog, mainiacjoe_overflow_paths,
          erik_lair_orcish_takeover, orc_david_3, uniq_pikel,
          uniq_prince_ribbit1
D:10:     layout_basic, chei_slow_surprise, nicolae_gozag_seed_capital,
          uniq_joseph
Temple:   hellmonk_temple_of_storms
Lair:1:   layout_cellular_growth, portal_ice_cave_entry_pillars_1,
          serial_bayou_crossing, serial_bayou_shore_b, grunt_megastairs_2
IceCv:    ice_cave_tombish

Notes
Turn   | Place    | Note
-------+----------+-------------------------------------------
     0 | D:1      | kae the Hill Orc Fighter began the quest for the Orb.
     0 | D:1      | Reached XP level 1. HP: 19/19 MP: 1/1
     0 | D:1      | magus.rc [v1.11.3]
    26 | D:1      | Reached skill level 3 in Axes
    51 | D:1      | Reached XP level 2. HP: 26/26 MP: 2/2
    60 | D:1      | You fall into a shaft and drop 1 floor!
   147 | D:1      | Reached skill level 4 in Axes
   266 | D:1      | You pick up a book of Necromancy and begin reading...
   266 | D:1      | You add the spells Necrotise, Vampiric Draining and Agony
                  | to your library.
   356 | D:1      | Reached XP level 3. HP: 31/31 MP: 3/3
   493 | D:1      | You add the spells Call Imp and Summon Guardian Golem to
                  | your library.
   493 | D:1      | Got the Papyrus of the Union
   637 | D:2      | Reached skill level 5 in Axes
   873 | D:2      | Reached XP level 4. HP: 39/39 MP: 4/4
   996 | D:2      | Found Ronojout's Antique Weapon Shop.
  1358 | D:2      | Reached skill level 6 in Axes
  1533 | D:3      | Noticed Natasha
  1541 | D:3      | Killed Natasha
  1591 | D:3      | Found the +1 Delatra's gloves {ID++}
  1612 | D:3      | Found a radiant altar of Vehumet.
  1651 | D:3      | Reached XP level 5. HP: 37/45 MP: 5/5
  1829 | D:3      | Noticed Robin
  1838 | D:3      | Killed Robin
  1839 | D:3      | Reached skill level 7 in Axes
  1996 | D:3      | Found a shimmering altar of Xom.
  1996 | D:3      | Found a blossoming altar of Fedhas.
  2128 | D:3      | Noticed Sigmund
  2137 | D:3      | Killed Sigmund
  2138 | D:3      | Reached skill level 8 in Axes
  2138 | D:3      | Reached XP level 6. HP: 30/51 MP: 6/6
  2390 | D:4      | Reached skill level 9 in Axes
  2392 | D:4      | Found an ancient bone altar of Kikubaaqudgha.
  2419 | D:4      | You pick up a book of Geomancy and begin reading...
  2419 | D:4      | You add the spells Sandblast, Passwall and Stone Arrow to
                  | your library.
  2460 | D:4      | Reached XP level 7. HP: 55/57 MP: 7/7
  2525 | D:4      | Reached skill level 10 in Axes
  2543 | D:4      | You add the spells Gell's Gravitas, Teleport Other and
                  | Dispersal to your library.
  2559 | D:4      | You pick up a book of Armaments and begin reading...
  2559 | D:4      | You add the spells Animate Armour and Lehudib's Crystal
                  | Spear to your library.
  2786 | D:4      | Found a hazy altar of Hepliaklqana.
  2786 | D:4      | Found a hide-covered altar of Uskayaw.
  2974 | D:5      | Entered Level 5 of the Dungeon
  2988 | D:5      | Reached skill level 11 in Axes
  3425 | D:5      | Reached XP level 8. HP: 56/64 MP: 8/8
  3552 | D:5      | Found a glowing silver altar of Zin.
  3838 | D:6      | Found Declom's Weapon Boutique.
  3838 | D:6      | Found Bowne's Antique Weapon Boutique.
  3839 | D:6      | Found Felorisch's Armour Boutique.
  3842 | D:6      | Reached skill level 12 in Axes
  3862 | D:6      | Found Plog's Antique Weapon Boutique.
  4039 | D:6      | Reached skill level 13 in Axes
  4079 | D:6      | Found a sand-covered staircase.
  4086 | Ossuary  | Entered an ossuary
  4191 | Ossuary  | Reached skill level 14 in Axes
  4328 | Ossuary  | Reached XP level 9. HP: 65/70 MP: 9/9
  4369 | Ossuary  | Reached skill level 15 in Axes
  4884 | D:6      | Found a staircase to the Ecumenical Temple.
  5155 | Temple   | Entered the Ecumenical Temple
  5210 | Temple   | Became a worshipper of Qazlal Stormbringer
  5384 | D:6      | HP: 15/70 [bullfrog (6)]
  5385 | D:6      | HP: 6/70 [poisoned by a water moccasin]
  5388 | D:6      | Reached skill level 1 in Invocations
  5393 | D:6      | Reached skill level 2 in Invocations
  5589 | D:6      | Reached skill level 3 in Invocations
  5890 | D:7      | Found a shimmering blue altar of Sif Muna.
  5970 | D:7      | Reached skill level 4 in Invocations
  6245 | D:7      | Found an iron altar of Okawaru.
  6250 | D:7      | Noticed Maggie
  6274 | D:7      | Killed Maggie
  6274 | D:7      | Reached * piety under Qazlal
  6275 | D:7      | Reached skill level 16 in Axes
  6275 | D:7      | Reached skill level 6 in Invocations
  6683 | D:7      | Found a runed translucent door.
  6684 | D:7      | Noticed Crazy Yiuf
  6690 | D:7      | Killed Crazy Yiuf
  6729 | D:8      | Reached skill level 7 in Invocations
  6756 | D:8      | Reached XP level 10. HP: 77/77 MP: 15/15
  6785 | D:8      | Reached skill level 8 in Invocations
  7019 | D:8      | Found a sparkling altar of Nemelex Xobeh.
  7098 | D:8      | Reached skill level 9 in Invocations
  7228 | D:8      | Found a burning altar of Makhleb.
  7545 | D:9      | Reached skill level 10 in Invocations
  7639 | D:9      | Noticed Pikel
  7658 | D:9      | Killed Pikel
  7659 | D:9      | Reached skill level 11 in Invocations
  7791 | D:9      | Found a staircase to the Lair.
  7894 | D:9      | Found a glowing golden altar of the Shining One.
  8089 | D:9      | Found Saloniek's Armour Shoppe.
  8089 | D:9      | Found a staircase to the Orcish Mines.
  8090 | D:9      | Found Qesk's Weapon Shoppe.
  8098 | D:9      | Reached ** piety under Qazlal
  8110 | D:9      | Bought the +2 ratskin cloak {*Rats rPois rN+ Str-1 Int-1
                  | Dex+1} for 389 gold pieces
  8110 | D:9      | Found the +2 ratskin cloak {*Rats rPois rN+ Str-1 Int-1
                  | Dex+1}
  8263 | D:9      | Found a bloodstained altar of Trog.
  8295 | D:9      | Noticed Prince Ribbit
  8296 | D:9      | Noticed a two-headed ogre
  8310 | D:9      | Reached skill level 12 in Invocations
  8312 | D:9      | HP: 4/77 [two-headed ogre/+0 giant club (17)]
  8313 | D:9      | Killed a two-headed ogre
  8314 | D:9      | Reached skill level 13 in Invocations
  8316 | D:9      | Killed Prince Ribbit
  8821 | D:10     | Entered Level 10 of the Dungeon
  8859 | D:10     | Reached XP level 11. HP: 73/82 MP: 21/21
  8862 | D:10     | Noticed Joseph
  8874 | D:10     | Killed Joseph
  8875 | D:10     | Reached skill level 14 in Invocations
  8875 | D:10     | Reached skill level 4 in Fighting
  9091 | D:10     | Reached skill level 5 in Fighting
  9340 | D:10     | Found an opulent altar of Gozag.
  9345 | D:10     | Noticed a two-headed ogre
  9350 | D:10     | Killed a two-headed ogre
  9351 | D:10     | Reached skill level 6 in Fighting
  9424 | D:10     | HP: 22/89 [electric eel/bolt of electricity (2)]
  9595 | D:10     | Reached skill level 7 in Fighting
  9948 | D:10     | Found a snail-covered altar of Cheibriados.
 10445 | Lair:1   | Entered Level 1 of the Lair of Beasts
 10460 | Lair:1   | Found a frozen archway.
 10470 | IceCv    | Entered an ice cave
 10489 | IceCv    | HP: 7/92 [ice devil (23)]
 10489 | IceCv    | Mangled by an ice devil

Vanquished Creatures
  2 two-headed ogres
  Pikel (D:9)
  Maggie (D:7)
  A komodo dragon (D:10)
  A troll (D:8)
  Prince Ribbit (D:9)
  Sigmund (D:3)
  3 wyverns
  3 yaks (D:10)
  A steam dragon (D:8)
  3 wargs (D:9)
  2 water moccasins
  A black bear (D:6)
  An ice beast (D:8)
  A sky beast (D:8)
  An ogre (D:5)
  3 centaurs
  A lemure (D:9)
  A phantom (D:4)
  5 bullfrogs
  15 scorpions
  6 wights
  7 killer bees
  An elephant simulacrum (IceCv)
  4 electric eels (D:10)
  A howler monkey (D:6)
  3 centaur zombies (Ossuary)
  4 hounds
  A human zombie (Ossuary)
  9 orc priests
  3 iguanas
  2 jellies
  Crazy Yiuf (D:7)
  A gnoll bouda (D:6)
  Natasha (D:3)
  7 scorpion zombies (Ossuary)
  7 orc wizards
  4 mummies
  Robin (D:3)
  9 gnolls
  5 adders
  2 shadow imps
  3 white imps
  2 worms
  2 dart slugs
  40 orcs
  5 bats
  8 endoplasms
  4 giant cockroaches
  2 gnoll zombies (Ossuary)
  13 goblins
  5 hobgoblins
  8 jackals
  4 quokkas
  12 ball pythons
  5 frilled lizards
  2 goblin zombies (Ossuary)
  A hobgoblin zombie (Ossuary)
  10 kobolds
  2 kobold zombies (Ossuary)
  An orc zombie (Ossuary)
  A quokka zombie (D:6)
  8 rats
  A rat zombie (D:6)
267 creatures vanquished.

Vanquished Creatures (collateral kills)
  Joseph (D:10)
1 creature vanquished.

Vanquished Creatures (others)
  An orc (D:7)
  A plant (D:9)
2 creatures vanquished.

Grand Total: 270 creatures vanquished

Table legend:
 A = Non-vault XP
 B = Vault XP
 C = Vault XP percentage of total XP
 D = Non-vault monster count
 E = Vault monster count
 F = Vault count percentage of total count
                 A         B        C        D         E       F
            +---------+---------+-------+---------+---------+-------
      Total |    8549 |    4002 |  31.9 |     201 |      66 |  24.7
            +---------+---------+-------+---------+---------+-------
        D:1 |      48 |       0 |   0.0 |      29 |       0 |   0.0
        D:2 |      64 |       0 |   0.0 |      22 |       0 |   0.0
        D:3 |      36 |     307 |  89.5 |      16 |      12 |  42.9
        D:4 |     538 |       0 |   0.0 |      29 |       0 |   0.0
        D:5 |     327 |       0 |   0.0 |       9 |       0 |   0.0
        D:6 |    1031 |       2 |   0.2 |      24 |       2 |   7.7
        D:7 |     562 |     443 |  44.1 |      16 |       2 |  11.1
        D:8 |    1248 |       0 |   0.0 |      19 |       0 |   0.0
        D:9 |    1765 |    1540 |  46.6 |      13 |      15 |  53.6
       D:10 |    2837 |     489 |  14.7 |      23 |       2 |   8.0
     Lair:1 |      93 |       0 |   0.0 |       1 |       0 |   0.0
    Ossuary |       0 |    1139 | 100.0 |       0 |      30 | 100.0
      IceCv |       0 |      82 | 100.0 |       0 |       3 | 100.0
            +---------+---------+-------+---------+---------+-------

Illustrated notes

Table legend:
 A = Kills in this place as a percentage of kills in the entire game.
 B = Kills by you in this place as a percentage of kills by you in the entire game.
 C = Kills by friends in this place as a percentage of kills by friends in the entire game.
 D = Other kills in this place as a percentage of other kills in the entire game.
 E = Experience gained in this place as a percentage of experience gained in the entire game.
 F = Experience gained in this place divided by the number of levels of this place that you have seen.
                   A       B       C       D       E      F
               +-------+-------+-------+-------+-------+----------------------
         Total | 100.0 | 100.0 | 100.0 |   N/A | 100.0 | 896.5
       Dungeon |  87.3 |  87.2 | 100.0 |   N/A |  89.5 | 1123.7
          Lair |   0.4 |   0.4 |   0.0 |   N/A |   0.7 |  93.0
       Ossuary |  11.2 |  11.3 |   0.0 |   N/A |   9.1 | 1139.0
      Ice Cave |   1.1 |   1.1 |   0.0 |   N/A |   0.7 |  82.0
               +-------+-------+-------+-------+-------+----------------------

Table legend: (Time is in decaauts)
 A = Elapsed time spent in this place.
 B = Non-inter-level travel time spent in this place.
 C = Inter-level travel time spent in this place.
 D = Time resting spent in this place.
 E = Time spent auto-exploring this place.
 F = Levels seen in this place.
 G = Mean time per level.
                   A        B        C        D        E       F      G
               +--------+--------+--------+--------+--------+-----+--------+
         Total |  10444 |  10059 |    385 |    631 |   7707 |  14 |  746.0 |
       Dungeon |   9880 |   9532 |    348 |    631 |   7390 |  10 |  988.0 |
        Temple |     76 |     39 |     37 |      0 |     28 |   1 |   76.0 |
          Lair |     24 |     24 |      0 |      0 |     10 |   1 |   24.0 |
       Ossuary |    447 |    447 |      0 |      0 |    279 |   1 |  447.0 |
      Ice Cave |     15 |     15 |      0 |      0 |      0 |   1 |   15.0 |
               +--------+--------+--------+--------+--------+-----+--------+

Top non-repeatable levels by time:
    D:10: 1561 daAuts
     D:6: 1339 daAuts
     D:9: 1323 daAuts
     D:7: 994 daAuts
     D:3: 889 daAuts
     D:2: 886 daAuts
     D:5: 858 daAuts
     D:8: 777 daAuts
     D:1: 638 daAuts
     D:4: 611 daAuts
 Ossuary: 447 daAuts
  Temple: 76 daAuts
  Lair:1: 24 daAuts
   IceCv: 15 daAuts
